 Dungeon Sprint DCSS version 0.26.1-2-gb8aa6d0cf2 (webtiles) character file.

Game seed: 3406765426608697863

14441 Groucho the Martial Artist (level 12, -8/94 HPs)
             Began as an Octopode Transmuter on Feb 14, 2021.
             Was the Champion of Jiyva.
             Killed by divine providence
             ... invoked by an orc priest
              (15 damage)
             ... in the Dungeon (Sprint IX: "|||||||||||||||||||||||||||||").
             The game lasted 00:12:01 (2086 turns).

Groucho the Martial Artist (Octopode Transmuter)    Turns: 2086, Time: 00:12:01

Health: -8/94      AC:  4    Str:  8    XL:     12   Next: 16%
Magic:  24/28      EV: 30    Int: 18    God:    Jiyva [******]
Gold:   622        SH:  0    Dex: 21    Spells: 21/36 levels left

rFire    . . .     SeeInvis +     - Unarmed
rCold    + . .     Faith    .   (no shield)
rNeg     . . .     Spirit   .   (helmet restricted)
rPois    .         Reflect  .   (no amulet)
rElec    .         Harm     .   k - +2 ring of evasion
rCorr    +         Rampage  .   l - +3 ring of dexterity
Will     .....     NoTele   +   (no ring)
Stlth    +++.......             (no ring)
HPRegen  0.25/turn              (no ring)
MPRegen  0.21/turn              (no ring)
                                (no ring)
                                (no ring)

@: wereblooded
A: almost no armour, stealthy swim, amphibious, 8 rings, constrict 8, beak,
repulsion field 1, icy blue scales 1, camouflage 1, see invisible, agile 1, cold
resistance 1, sense surroundings 1, wild magic 1, eyeballs 1, gelatinous body 2
a: Renounce Religion, Request Jelly, Slimify, Cure Bad Mutation


You were in the Dungeon.
You worshipped Jiyva.
Jiyva was exalted by your worship.
You visited 1 branch You collected 622 gold pieces.

Inventory:

Jewellery
 k - a +2 ring of evasion (left tentacle)
 l - a +3 ring of dexterity (right tentacle)
Wands
 j - a wand of iceblast (10)
Scrolls
 a - a scroll of identify
 g - 2 scrolls of blinking
 h - 4 scrolls of remove curse
 i - 2 scrolls of amnesia
 p - 2 scrolls of enchant weapon
 q - 4 scrolls of enchant armour
Potions
 b - a potion of flight {unknown}
 c - 3 potions of curing
 d - 2 potions of haste
 e - 4 potions of magic
 f - a potion of berserk rage
 m - a potion of resistance
 o - a potion of brilliance


   Skills:
 + Level 13.4 Fighting
 + Level 13.6 Dodging
 + Level 13.7 Unarmed Combat
 + Level 12.6 Spellcasting
 + Level 13.6 Transmutations


You had 21 spell levels left.
You knew the following spells:

 Your Spells              Type           Power        Failure   Level
a - Beastly Appendage     Tmut           100%         1%          1
b - Wereblood             Tmut           68%          1%          2
c - Spider Form           Tmut/Pois      23%          2%          3
d - Ice Form              Ice/Tmut       46%          6%          4
e - Blade Hands           Tmut           34%          1%          5

Your spell library contained the following spells:

 Spells                   Type           Power        Failure   Level


Dungeon Overview and Level Annotations

Branches:
Dungeon (1/1)

Altars:
Cheibriados
Dithmenos
Elyvilon
Fedhas
Gozag
Hepliaklqana
Kikubaaqudgha
Makhleb
Nemelex Xobeh
Okawaru
Qazlal
Ru
Sif Muna
Trog
Uskayaw
Vehumet
Wu Jian
Xom
Yredelemnul
Zin
The Shining One
Beogh
Jiyva
Lugonu

Shops:
D }([


Innate Abilities, Weirdness & Mutations

You cannot wear most types of armour.
You are very stealthy in the water. (Stealth+)
You are amphibious.
You can wear up to eight rings at the same time.
You can use your tentacles to constrict eight enemies at once.
Your skin changes colour to match your surroundings (Stealth+).
Your pliable body absorbs attacks. (AC +2, EV +2)
You have a beak for a mouth.
You are surrounded by a mild repulsion field. (EV +2)
You are partially covered in icy blue scales. (AC +2)
You have supernaturally acute eyesight. (SInv)
You are agile. (Dex +2)
Your flesh is cold resistant. (rC+)
You passively map a small area around you.
Your spells are a little harder to cast, but a little more powerful.
Your body has grown golden eyes which may confuse attackers. (Acc +3)


Message History

You tentacle-slap the orc priest. You squeeze the orc priest.
You kill the orc priest!
Unknown command.
The orc priest completely misses you.
The orc high priest calls down the wrath of Beogh upon you.
Beogh smites you!
* * * LOW HITPOINT WARNING * * *
The soul eater draws from the surrounding life force!
* * * LOW HITPOINT WARNING * * *
Found Wok Dil's Gadget Boutique.
Items here: $ ) [ †.
Casting: Blade Hands (dangerous; 1% risk of failure)
Confirm with . or Enter, or press ? or * to list all spells.
Your blood is infused with primal strength.
The orc priest invokes the aid of Beogh against you.
Beogh smites you!
* * * LOW HITPOINT WARNING * * *
The orc priest mumbles some strange prayers to Beogh against you.
Beogh smites you!
You die...

* *
{▓.▓J▓.▓'▓ *
▓3▓.▓.▓.▓.▓
▓3▓.▓.▓.▓.▓ *
* ▓o▓.▓.▓.▓.▓
▓3▓.▓.▓.▓.▓
▓o▓.▓.▓.▓.▓ ,
▓o▓.▓.▓.▓.▓ *
,▓o▓.▓.▓.▓J▓
* *,
▓@▓.▓.▓.▓.▓ *
* ▓)▓.▓.▓.▓.▓
▓)▓.▓'▓.▓'▓
*,▓)▓.▓.▓.▓_▓
▓.▓.▓.▓.▓_▓ *
,▓.▓.▓.▓.▓_▓
, ▓.▓.▓†▓.▓_▓
,*, ∆
,▓.▓.▓†▓.▓_▓
∆*
▓.▓.▓.▓.▓_▓


You could see a soul eater (summoned), 2 orc high priests, a sixfirhy
(summoned), a neqoxec (summoned) and 2 orc priests.

Vanquished Creatures
  3 dire elephants (D)
  A hydra (D)
  A catoblepas (D)
  3 orc high priests (D)
  Sonja (D)
  4 orc knights (D)
  Joseph (D)
  4 elephants (D)
  2 cane toads (D)
  A komodo dragon (D)
  A yak (D)
  4 water moccasins (D)
  11 orc warriors (D)
  An ogre (D)
  A wolf (D)
  2 bullfrogs (D)
  A killer bee (D)
  5 orc priests (D)
  2 orc wizards (D)
  An iguana (D)
  A worker ant (D)
  An adder (D)
  A shadow imp (D)
  A white imp (D)
  4 orcs (D)
  A bat (D)
  A giant cockroach (D)
  2 hobgoblins (D)
  A rat (D)
63 creatures vanquished.

Vanquished Creatures (collateral kills)
  A dire elephant (D)
  A deep elf mage (D)
  2 ugly things (D)
  A cane toad (D)
  2 komodo dragons (D)
  A troll (D)
  2 orc warriors (D)
  An ice beast (D)
  A phantom (D)
  A bullfrog (D)
  An ufetubus (D)
14 creatures vanquished.

Vanquished Creatures (others)
  4 great orbs of eyes (D)
  A hydra (D)
  A wyvern (D)
  27 jellies (D)
33 creatures vanquished.

Grand Total: 110 creatures vanquished

Notes
Turn   | Place    | Note
-------+----------+-------------------------------------------
     0 | D        | Groucho the Octopode Transmuter began the quest for the
                  | Orb.
     0 | D        | Reached XP level 1. HP: 13/13 MP: 3/3
    24 | D        | Noticed an iguana
    24 | D        | Noticed an ogre
    24 | D        | Noticed a worker ant
    29 | D        | Reached XP level 2. HP: 19/19 MP: 2/5
    35 | D        | Reached XP level 3. HP: 25/25 MP: 2/7
    46 | D        | Killed an ogre
    47 | D        | Reached skill level 5 in Unarmed Combat
    47 | D        | Reached XP level 4. HP: 30/33 MP: 2/10
    47 | D        | Reached XP level 5. HP: 34/37 MP: 2/11
    59 | D        | Found a roughly hewn altar of Beogh.
    59 | D        | Found a snail-covered altar of Cheibriados.
    59 | D        | Found a shadowy altar of Dithmenos.
    59 | D        | Found a white marble altar of Elyvilon.
    59 | D        | Found a blossoming altar of Fedhas.
    59 | D        | Found an opulent altar of Gozag.
    69 | D        | Found a hazy altar of Hepliaklqana.
    70 | D        | Found a viscous altar of Jiyva.
    71 | D        | Found an ancient bone altar of Kikubaaqudgha.
    72 | D        | Found a corrupted altar of Lugonu.
    73 | D        | Found a burning altar of Makhleb.
    74 | D        | Found a sparkling altar of Nemelex Xobeh.
    75 | D        | Found an iron altar of Okawaru.
    76 | D        | Found a stormy altar of Qazlal.
    77 | D        | Found a sacrificial altar of Ru.
    78 | D        | Found a shimmering blue altar of Sif Muna.
    79 | D        | Found a bloodstained altar of Trog.
    80 | D        | Found a hide-covered altar of Uskayaw.
    81 | D        | Found a radiant altar of Vehumet.
    82 | D        | Found an ornate altar of the Wu Jian Council.
    83 | D        | Found a shimmering altar of Xom.
    84 | D        | Found a basalt altar of Yredelemnul.
    85 | D        | Found a glowing silver altar of Zin.
    86 | D        | Found a glowing golden altar of the Shining One.
   120 | D        | Became a worshipper of Jiyva Jugho the Shapeless
   123 | D        | Killed a great orb of eyes
   123 | D        | Killed a great orb of eyes
   126 | D        | Killed a great orb of eyes
   126 | D        | Killed a great orb of eyes
   140 | D        | Reached * piety under Jiyva
   140 | D        | Reached ** piety under Jiyva
   145 | D        | Reached *** piety under Jiyva
   145 | D        | Gained mutation: One of your tentacles bears a spike.
                  | [Jiyva's grace]
   145 | D        | Reached **** piety under Jiyva
   149 | D        | Gained mutation: You are frail. (-10% HP) [Jiyva's grace]
   160 | D        | Learned a level 2 spell: Wereblood
   161 | D        | Reached ***** piety under Jiyva
   161 | D        | Gained mutation: You are resistant to electric shocks.
                  | (rElec) [Jiyva's grace]
   164 | D        | Learned a level 3 spell: Spider Form
   164 | D        | Lost mutation: One of your tentacles bears a spike.
                  | [Jiyva's grace]
   164 | D        | Lost mutation: You are frail. (-10% HP) [Jiyva's grace]
   169 | D        | Learned a level 4 spell: Ice Form
   171 | D        | Noticed an ice beast
   171 | D        | Noticed an orc warrior
   171 | D        | Noticed a phantom
   171 | D        | Noticed an orc warrior
   173 | D        | Reached ****** piety under Jiyva
   173 | D        | Lost mutation: You are resistant to electric shocks.
                  | (rElec) [Jiyva's grace]
   175 | D        | Reached skill level 5 in Dodging
   175 | D        | Reached skill level 5 in Transmutations
   180 | D        | Killed an orc warrior
   181 | D        | Reached skill level 5 in Fighting
   181 | D        | Reached skill level 5 in Spellcasting
   181 | D        | Reached XP level 6. HP: 13/45 MP: 11/13
   181 | D        | Gained mutation: You expend magic power (3 MP) to
                  | strengthen your wands. [Jiyva's grace]
   181 | D        | Lost mutation: You expend magic power (3 MP) to strengthen
                  | your wands. [Jiyva's grace]
   181 | D        | Killed an orc warrior
   183 | D        | Killed an ice beast
   185 | D        | Killed a phantom
   187 | D        | Gained mutation: You expend magic power (3 MP) to
                  | strengthen your wands. [Jiyva's grace]
   187 | D        | Gained mutation: Your flesh is heat resistant. (rF+)
                  | [Jiyva's grace]
   195 | D        | Gained mutation: You have a small jelly attached to you
                  | that may absorb incoming projectiles. [Jiyva's grace]
   205 | D        | Lost mutation: You expend magic power (3 MP) to strengthen
                  | your wands. [Jiyva's grace]
   206 | D        | Lost mutation: You have a small jelly attached to you that
                  | may absorb incoming projectiles. [Jiyva's grace]
   208 | D        | Gained mutation: You have a small jelly attached to you
                  | that may absorb incoming projectiles. [Jiyva's grace]
   210 | D        | Lost mutation: You have a small jelly attached to you that
                  | may absorb incoming projectiles. [Jiyva's grace]
   213 | D        | Gained mutation: Your spells are a little harder to cast,
                  | but a little more powerful. [Jiyva's grace]
   214 | D        | Noticed a cyan ugly thing
   214 | D        | Noticed a troll
   214 | D        | Noticed a deep elf mage
   214 | D        | Noticed a brown ugly thing
   215 | D        | Gained mutation: You have an increased reservoir of magic.
                  | (+10% MP) [Jiyva's grace]
   217 | D        | Gained mutation: You are strong-willed. (Will+) [Jiyva's
                  | grace]
   218 | D        | Lost mutation: Your spells are a little harder to cast, but
                  | a little more powerful. [Jiyva's grace]
   222 | D        | Reached XP level 7. HP: 50/53 MP: 18/18
   226 | D        | Killed a brown ugly thing
   229 | D        | Killed a deep elf mage
   230 | D        | Reached XP level 8. HP: 27/61 MP: 20/20
   231 | D        | Killed a troll
   233 | D        | Killed a cyan ugly thing
   528 | D        | Lost mutation: Your flesh is heat resistant. (rF+) [Jiyva's
                  | grace]
   528 | D        | Lost mutation: You are strong-willed. (Will+) [Jiyva's
                  | grace]
   531 | D        | Gained mutation: You evolve. [Jiyva's grace]
   535 | D        | Gained mutation: Your pliable body absorbs attacks. (AC +2,
                  | EV +2) [Jiyva's grace]
   540 | D        | Gained mutation: One of your tentacles bears a spike.
                  | [Jiyva's grace]
   540 | D        | Gained mutation: Your muscles are strong. (Str +2) [Jiyva's
                  | grace]
   541 | D        | Lost mutation: You evolve. [Jiyva's grace]
   542 | D        | Learned a level 5 spell: Blade Hands
   549 | D        | Lost mutation: One of your tentacles bears a spike.
                  | [Jiyva's grace]
   549 | D        | Gained mutation: Your system is resistant to poisons.
                  | (rPois) [Jiyva's grace]
   550 | D        | Lost mutation: Your muscles are strong. (Str +2) [Jiyva's
                  | grace]
   562 | D        | Gained mutation: You have a small jelly attached to you
                  | that senses nearby items. [Jiyva's grace]
   563 | D        | Lost mutation: You have a small jelly attached to you that
                  | senses nearby items. [Jiyva's grace]
   565 | D        | Gained mutation: You are partially covered in yellow
                  | scales. (AC +2) [Jiyva's grace]
   569 | D        | Gained mutation: Your flesh is cold resistant. (rC+)
                  | [Jiyva's grace]
   574 | D        | Lost mutation: Your system is resistant to poisons. (rPois)
                  | [Jiyva's grace]
   579 | D        | Gained mutation: Your body has grown golden eyes which may
                  | confuse attackers. (Acc +3) [Jiyva's grace]
   585 | D        | Gained mutation: Your natural rate of healing is unusually
                  | fast. [Jiyva's grace]
   598 | D        | Gained mutation: You can translocate small distances at
                  | will. [Jiyva's grace]
   664 | D        | Lost mutation: Your body has grown golden eyes which may
                  | confuse attackers. (Acc +3) [Jiyva's grace]
   850 | D        | Lost mutation: You are partially covered in yellow scales.
                  | (AC +2) [Jiyva's grace]
   853 | D        | Gained mutation: Your flesh is heat resistant. (rF+)
                  | [Jiyva's grace]
   864 | D        | Gained mutation: You possess an exceptional clarity of
                  | mind. [Jiyva's grace]
   864 | D        | Lost mutation: Your flesh is cold resistant. (rC+) [Jiyva's
                  | grace]
   864 | D        | Gained mutation: Your body sometimes deteriorates upon
                  | taking damage. [Jiyva's grace]
   864 | D        | Lost mutation: Your body sometimes deteriorates upon taking
                  | damage. [Jiyva's grace]
   866 | D        | Gained mutation: You have a pair of small antennae on your
                  | head. [Jiyva's grace]
   866 | D        | Gained mutation: You are partially covered in molten
                  | scales. (AC +2) [Jiyva's grace]
   978 | D        | Noticed a seven-headed hydra
   978 | D        | Noticed a cane toad
   984 | D        | Noticed a komodo dragon
   987 | D        | Noticed a four-headed hydra
   995 | D        | Killed an eight-headed hydra
   996 | D        | Reached XP level 9. HP: 10/68 MP: 14/23
   997 | D        | Killed a cane toad
  1000 | D        | Killed a komodo dragon
  1017 | D        | HP: 2/69 [four-headed hydra (12)]
  1035 | D        | Killed a four-headed hydra
  1036 | D        | Reached skill level 10 in Dodging
  1036 | D        | Reached skill level 10 in Unarmed Combat
  1036 | D        | Reached skill level 10 in Transmutations
  1039 | D        | Reached skill level 10 in Fighting
  1236 | D        | Gained mutation: You have acidic saliva. [Jiyva's grace]
  1270 | D        | Noticed a komodo dragon
  1270 | D        | Noticed a cane toad
  1270 | D        | Noticed a cane toad
  1270 | D        | Noticed a catoblepas
  1277 | D        | Gained mutation: One of your tentacles bears a spike.
                  | [Jiyva's grace]
  1277 | D        | Gained mutation: You have a small jelly attached to you
                  | that may absorb incoming projectiles. [Jiyva's grace]
  1279 | D        | Killed a catoblepas
  1280 | D        | Reached XP level 10. HP: 49/77 MP: 24/26
  1282 | D        | Killed a cane toad
  1285 | D        | Killed a cane toad
  1286 | D        | Reached skill level 10 in Spellcasting
  1298 | D        | Gained mutation: You are covered in fur. (AC +1) [Jiyva's
                  | grace]
  1565 | D        | Noticed a dire elephant
  1565 | D        | Noticed an elephant
  1565 | D        | Noticed an elephant
  1565 | D        | Noticed a dire elephant
  1565 | D        | Noticed an elephant
  1565 | D        | Noticed a dire elephant
  1574 | D        | Killed a dire elephant
  1581 | D        | Killed a dire elephant
  1586 | D        | Killed a dire elephant
  1587 | D        | Reached XP level 11. HP: 38/85 MP: 24/28
  1611 | D        | Noticed a dire elephant
  1619 | D        | Killed a dire elephant
  1780 | D        | Gained mutation: You passively map a small area around you.
                  | [Jiyva's grace]
  1785 | D        | Lost mutation: You have a small jelly attached to you that
                  | may absorb incoming projectiles. [Jiyva's grace]
  1874 | D        | Noticed Sonja
  1879 | D        | Killed Sonja
  1904 | D        | Noticed Joseph
  1912 | D        | Killed Joseph
  1918 | D        | Lost mutation: Your pliable body absorbs attacks. (AC +2,
                  | EV +2) [Jiyva's grace]
  1920 | D        | Gained mutation: Your spells are a little harder to cast,
                  | but a little more powerful. [Jiyva's grace]
  1928 | D        | Gained mutation: Your flesh is cold resistant. (rC+)
                  | [Jiyva's grace]
  1928 | D        | Lost mutation: You possess an exceptional clarity of mind.
                  | [Jiyva's grace]
  1928 | D        | Gained mutation: You have a beak for a mouth. [Jiyva's
                  | grace]
  1930 | D        | Lost mutation: Your spells are a little harder to cast, but
                  | a little more powerful. [Jiyva's grace]
  1932 | D        | Noticed an orc knight
  1935 | D        | Lost mutation: You can translocate small distances at will.
                  | [Jiyva's grace]
  1940 | D        | Gained mutation: You are partially covered in icy blue
                  | scales. (AC +2) [Jiyva's grace]
  1948 | D        | Killed an orc knight
  1954 | D        | Lost mutation: One of your tentacles bears a spike.
                  | [Jiyva's grace]
  1954 | D        | Gained mutation: Your flesh is very cold resistant. (rC++)
                  | [Jiyva's grace]
  1955 | D        | Gained mutation: You have a small jelly attached to you
                  | that senses nearby items. [Jiyva's grace]
  1955 | D        | Gained mutation: Your pliable body absorbs attacks. (AC +2,
                  | EV +2) [Jiyva's grace]
  1958 | D        | Lost mutation: Your pliable body absorbs attacks. (AC +2,
                  | EV +2) [Jiyva's grace]
  1958 | D        | Lost mutation: You passively map a small area around you.
                  | [Jiyva's grace]
  1958 | D        | Lost mutation: You are covered in fur. (AC +1) [Jiyva's
                  | grace]
  1964 | D        | Lost mutation: You have an increased reservoir of magic.
                  | (+10% MP) [Jiyva's grace]
  1964 | D        | Lost mutation: Your flesh is very cold resistant. (rC++)
                  | [Jiyva's grace]
  1964 | D        | Lost mutation: You have a pair of small antennae on your
                  | head. [Jiyva's grace]
  1967 | D        | Gained mutation: Your spells are a little harder to cast,
                  | but a little more powerful. [Jiyva's grace]
  1967 | D        | Gained mutation: You are agile. (Dex +2) [Jiyva's grace]
  1967 | D        | Lost mutation: You are partially covered in molten scales.
                  | (AC +2) [Jiyva's grace]
  1967 | D        | Lost mutation: You have a small jelly attached to you that
                  | senses nearby items. [Jiyva's grace]
  1967 | D        | Lost mutation: Your natural rate of healing is unusually
                  | fast. [Jiyva's grace]
  1969 | D        | Gained mutation: You have a small jelly attached to you
                  | that senses nearby items. [Jiyva's grace]
  1969 | D        | Gained mutation: You are strong-willed. (Will+) [Jiyva's
                  | grace]
  1977 | D        | Noticed an orc high priest
  1980 | D        | Noticed an orc knight
  1986 | D        | Lost mutation: You have acidic saliva. [Jiyva's grace]
  1992 | D        | Noticed an orc knight
  1993 | D        | Killed an orc high priest
  2000 | D        | Killed an orc knight
  2005 | D        | Noticed an orc knight
  2016 | D        | Killed an orc knight
  2017 | D        | Reached XP level 12. HP: 28/94 MP: 28/28
  2047 | D        | Gained mutation: You have supernaturally acute eyesight.
                  | (SInv) [Jiyva's grace]
  2047 | D        | Gained mutation: Your mind is acute. (Int +2) [Jiyva's
                  | grace]
  2049 | D        | Lost mutation: You are strong-willed. (Will+) [Jiyva's
                  | grace]
  2056 | D        | Gained mutation: Your body has grown golden eyes which may
                  | confuse attackers. (Acc +3) [Jiyva's grace]
  2056 | D        | Lost mutation: You have a small jelly attached to you that
                  | senses nearby items. [Jiyva's grace]
  2058 | D        | Gained mutation: You passively map a small area around you.
                  | [Jiyva's grace]
  2059 | D        | Lost mutation: You are agile. (Dex +2) [Jiyva's grace]
  2059 | D        | Lost mutation: Your mind is acute. (Int +2) [Jiyva's grace]
  2059 | D        | Lost mutation: Your flesh is heat resistant. (rF+) [Jiyva's
                  | grace]
  2061 | D        | Gained mutation: Your pliable body absorbs attacks. (AC +2,
                  | EV +2) [Jiyva's grace]
  2061 | D        | Gained mutation: You are surrounded by a mild repulsion
                  | field. (EV +2) [Jiyva's grace]
  2061 | D        | Gained mutation: You are agile. (Dex +2) [Jiyva's grace]
  2067 | D        | Found Nunikk's Antique Armour Boutique.
  2067 | D        | Noticed an orc high priest
  2067 | D        | Noticed an orc high priest
  2071 | D        | Killed an orc high priest
  2072 | D        | Noticed an orc high priest
  2075 | D        | Noticed a soul eater
  2076 | D        | Found Isinauba's Antique Weapon Shop.
  2076 | D        | Noticed an orc high priest
  2080 | D        | Killed an orc high priest
  2085 | D        | Found Wok Dil's Gadget Boutique.
  2086 | D        | Killed from afar by an orc priest

Illustrated notes

Levels and vault maps discovered:
D:        linesprint [early_d, line_temple, items_1, d_10, items_2, lair_1,
          lair_end, items_3, orc_1, orc_end, items_4, d_15, swamp_1, shoals_1,
          snake_1, spider_1, d_20, vaults_1, items_5, swamp_end, shoals_end,
          snake_end, spider_end, vaults_end, d_27, items_6, zot_1, zot_end,
          crypt_end, forest_end, elf_end, slime_end, tomb_end, abyss_end,
          pan_hell_end]

Skill      XL: |  1  2  3  4  5  6  7  8  9 10 11 |
---------------+----------------------------------+-----
Fighting       | 2 4 5 6 7 9 10 11 13 | 13.4
Dodging        | 3 4 5 6 8 9 10 11 13 | 13.6
Unarmed Combat | 4 5 6 7 8 9 10 12 13 | 13.7
Spellcasting   | 3 4 5 6 7 8 9 11 12 | 12.6
Transmutations | 3 4 5 6 8 9 10 11 13 | 13.6

Action                   |  1- 3 |  4- 6 |  7- 9 | 10-12 || total
-------------------------+-------+-------+-------+-------++-------
Melee: Unarmed           |    30 |    20 |    32 |   151 ||   233
       Constrict         |     7 |     5 |     3 |    28 ||    43
       Kick              |     7 |    10 |     3 |    32 ||    52
       Tentacles         |     4 |     5 |     7 |    33 ||    49
       Punch             |     1 |     1 |     1 |    11 ||    14
       Bite              |       |       |     3 |    13 ||    16
       Peck              |       |       |       |    20 ||    20
 Cast: Beastly Appendage |     3 |     2 |     2 |       ||     7
       Wereblood         |       |     2 |     1 |     2 ||     5
       Blade Hands       |       |       |     3 |     6 ||     9
       Spider Form       |       |       |     1 |     1 ||     2
Invok: Request Jelly     |       |       |     4 |     1 ||     5
  Use: Potion            |     2 |       |     3 |     4 ||     9
       Scroll            |       |       |     1 |       ||     1
 Stab: Sleeping          |       |     1 |       |       ||     1
       Invisible         |       |       |       |     7 ||     7
       Distracted        |       |       |       |     1 ||     1
Armor: Skin              |     5 |       |       |     6 ||    11
Dodge: Dodged            |    23 |    13 |    39 |    87 ||   162
